 Dungeon Crawl Stone Soup version 0.31.0-1-g2c135a0 (webtiles) character file.

Game seed: 14382330480867830937

109 Tubbtubb the Trooper (level 4, -2/49 HPs)
             Began as an Oni Fighter on Mar 28, 2024.
             Slain by an adder (4 damage)
             ... on level 2 of the Dungeon.
             The game lasted 00:12:18 (1600 turns).

Tubbtubb the Trooper (Oni Fighter)                  Turns: 1600, Time: 00:12:18

Health: -2/49      AC:  5    Str: 22    XL:     4   Next: 90%
Magic:  4/4        EV: 10    Int:  9    God:
Gold:   125        SH:  0    Dex:  8    Spells: 3/3 levels left

rFire   . . .        a - +0 war axe
rCold   . . .        (no shield)
rNeg    . . .        b - +0 robe
rPois   .            k - +1 hat
rElec   .            g - +0 cloak
rCorr   .            (gloves unavailable)
SInv    .            (boots unavailable)
Will    .....        (no amulet)
Stlth   +            (no ring)
HPRegen 0.28/turn    (no ring)
MPRegen 0.09/turn

%: no passive effects
@: lethally poisoned (-2 -> -4)
A: large, unfitting armour, horns 1, tough skin 1, double potion healing,
drunken brawling
a: no special abilities


You were on level 2 of the Dungeon.
You visited 1 branch of the dungeon, and saw 2 of its levels.

You collected 125 gold pieces.

Inventory:

Hand Weapons
 a - a +0 war axe (weapon)
Missiles
 m - 15 stones (quivered)
 o - 5 poisoned darts
Armour
 b - a +0 robe (worn)
 c - a +0 kite shield
 g - a +0 cloak (worn)
 k - a +1 hat (worn)
Magical Staves
 l - a staff of earth
Scrolls
 f - a scroll of silence {unknown}
 h - a scroll of torment {unknown}
 i - a scroll of enchant weapon {unknown}
 j - 2 scrolls of teleportation {unknown}
Potions
 e - a potion of mutation {unknown}
 n - a potion of haste {unknown}
 p - a potion of brilliance {unknown}


   Skills:
 + Level 4.8 Fighting
 - Level 2.6(2.9) Axes
 * Level 1.5(2.3) Maces & Flails
 + Level 3.6 Dodging
 - Level 3.0 Shields


You had 3 spell levels left.
You didn't know any spells.
Your spell library was empty.

Dungeon Overview and Level Annotations

Branches:
Dungeon (2/15)

Altars:

Shops:
D:2 *


Innate Abilities, Weirdness & Mutations

You are too large for most types of armour.
You have a pair of small horns on your head.
You have tough skin. (AC +1)
You gain doubled healing and magic from potions.
Whenever you drink a healing potion, you attack all around you.


Message History

Throw: 17 stones
Press: ? - help, Q - select action, (/) - cycle Shift-Dir - straight line, f - adder
Aim: an adder (29% to hit)
You throw a stone. The stone misses the adder.
You are too injured to fight recklessly!
You are too injured to fight recklessly!
Throw: 16 stones
Press: ? - help, Q - select action, (/) - cycle Shift-Dir - straight line, f/p - adder
Aim: an adder (29% to hit)
You throw a stone. The stone barely misses the adder.
The adder bites you.
You barely miss the adder. Your headbutt misses the adder. The adder bites you.
You are poisoned.
The adder poisons you!
You closely miss the adder.
You feel sick. The adder bites you.
You are more poisoned.
The adder poisons you! The adder bites you.
* * * LOW HITPOINT WARNING * * *
You closely miss the adder.
You feel sick. The adder bites you but does no damage.
The adder barely misses you.
You barely miss the adder. Your headbutt misses the adder.
You feel sick. The adder bites you.
* * * LOW HITPOINT WARNING * * *
You are lethally poisoned!
The adder poisons you! The adder misses you.
You miss the adder.
* * * LOW HITPOINT WARNING * * *
You feel very sick. The adder barely misses you.
You miss the adder. Your headbutt misses the adder.
* * * LOW HITPOINT WARNING * * *
You feel sick. The adder barely misses you. The adder closely misses you.
You closely miss the adder.
* * * LOW HITPOINT WARNING * * *
You feel sick. The adder closely misses you. The adder barely misses you.
You barely miss the adder. You headbutt the adder!
The adder is heavily wounded.
* * * LOW HITPOINT WARNING * * *
You feel sick. The adder bites you but does no damage. The adder bites you.
You die...

###....#.### .#.##....#.##
..# #.###.#.#...## .. #.#
......#......# #. #.#
..#####.#...## #. #.# ###
#.##.## ##.######.##
#.##.####...#.. ...
#.........#.#.# #.# #
####'####.@.#.###∩### ##
##...#####S........# # .##
##.....####.#.#.....#.# #.##
##........##†#....#..#<#
##.###...........†..........#
#....+.......###.††....##.###
>.####.....###...†.....##.#
.## ##...##...S..!..#....# ##
##..#.....###..#...##


You could see an adder.

Vanquished Creatures
  5 adders (D:2)
  A dart slug (D:2)
  3 ball pythons
  9 endoplasms
  A giant cockroach (D:1)
  5 goblins
  3 hobgoblins
  8 jackals
  4 quokkas (D:1)
  6 bats
  3 frilled lizards
  5 kobolds
  4 rats
57 creatures vanquished.

Notes
Turn   | Place    | Note
-------+----------+-------------------------------------------
     0 | D:1      | Tubbtubb the Oni Fighter began the quest for the Orb.
     0 | D:1      | Reached XP level 1. HP: 24/24 MP: 1/1
    55 | D:1      | Reached XP level 2. HP: 29/32 MP: 2/2
   243 | D:1      | Reached XP level 3. HP: 32/40 MP: 3/3
  1114 | D:2      | Reached skill level 1 in Maces & Flails
  1114 | D:2      | Reached XP level 4. HP: 46/49 MP: 4/4
  1515 | D:2      | Found Egouth's Assorted Antiques.
  1600 | D:2      | HP: 2/49 [poisoned by an adder]
  1600 | D:2      | Slain by an adder

Illustrated notes

Levels and vault maps discovered:
D:1:      psy_arrival_dodecagon, layout_basic
D:2:      layout_loops_corners, serial_shops, shop,
          minmay_randomly_rotated_circles

Skill      XL: |  1  2  3 |
---------------+----------+-----
Dodging        | 3 |  3.6
Shields        | 3 |  3.0
Maces & Flails | 1 |  1.5
Fighting       | |  4.8
Axes           | |  2.6

Action                     |  1- 3 |  4- 6 || total
---------------------------+-------+-------++-------
  Melee: War axe           |   117 |    29 ||   146
         Headbutt          |     7 |     5 ||    12
  Throw: Stone             |     2 |     2 ||     4
    Use: Potion            |       |     1 ||     1
 Armour: Robe              |   101 |    23 ||   124
  Dodge: Dodged            |    66 |    23 ||    89
  Block: Kite shield       |    28 |       ||    28
